 Dungeon Crawl Stone Soup version 0.26-a0-84-g8c18429211 (webtiles) character file.

Game seed: 15186758262020680926

71 MalarOregon the Skirmisher (level 4, -3/40 HPs)
             Began as a Draconian Fighter on June 20, 2020.
             Slain by a gnoll
             ... wielding a +0 club
              (5 damage)
             ... on level 2 of the Dungeon.
             The game lasted 00:02:12 (1218 turns).

MalarOregon the Skirmisher (Draconian Fighter)      Turns: 1218, Time: 00:02:12

Health: -3/40      AC:  5    Str: 19    XL:     4   Next: 5%
Magic:  5/5        EV: 10    Int:  9    God:
Gold:   62         SH:  9    Dex: 10    Spells: 5/5 levels left

rFire    . . .     SeeInvis .     - Unarmed
rCold    . . .     Gourm    .   a - +0 kite shield
rNeg     . . .     Faith    .   (armour unavailable)
rPois    .         Spirit   .   (helmet restricted)
rElec    .         Reflect  .   i - scarf {+Inv}
rCorr    .         Harm     .   (no gloves)
MR       .....                  (no boots)
Stlth    +.........             (no amulet)
HPRegen  0.13/turn              (no ring)
MPRegen  0.09/turn              (no ring)

@: no status effects
A: unfitting armour, cold-blooded, AC +5
a: Evoke Invisibility


You were on level 2 of the Dungeon.
You were not hungry.

You visited 1 branch of the dungeon, and saw 2 of its levels.

You collected 62 gold pieces.

Inventory:

Armour
 a - a +0 kite shield (worn)
 i - a scarf of invisibility (worn)
   (You found it on level 1 of the Dungeon)
Scrolls
 g - 2 scrolls of identify {unknown}
 k - a scroll of remove curse {unknown}
Potions
 b - a potion of might
 f - a potion of haste {unknown}
 h - a potion of invisibility {unknown}
 j - 2 potions of flight {unknown}
 l - a potion of lignification {unknown}
Comestibles
 c - a chunk of flesh
 e - 3 rations {!d}


   Skills:
 + Level 3.7 Fighting
 + Level 1.0 Throwing
 + Level 3.1 Dodging
 + Level 3.3 Shields
 + Level 2.4 Unarmed Combat
 + Level 1.1 Spellcasting


You had 5 spell levels left.
You didn't know any spells.
Your spell library was empty.

Dungeon Overview and Level Annotations

Branches:
Dungeon (2/15)

Altars:


Innate Abilities, Weirdness & Mutations

Your plain brown scales are hard. (AC +5)
You cannot fit into any form of body armour.
You are cold-blooded and may be slowed by cold attacks.


Message History

Items here: (( ) † a +0 spear; 18 stones; 2 poisoned darts; a gnoll corpse You closely miss the gnoll.
You block the gnoll's attack.
You closely miss the gnoll. The gnoll hits you with a +0 spear.
You hit the gnoll.
You kill the gnoll!
Your Throwing skill increases to level 1!
You hit the gnoll. You block the gnoll's attack.
You barely miss the gnoll. You block the gnoll's attack.
You closely miss the gnoll. You block the gnoll's attack.
You completely miss the gnoll. You hit the gnoll.
The gnoll hits you with a +0 flail.
You hit the gnoll. The gnoll barely misses you.
Your shield prevents you from hitting the gnoll.
The gnoll hits you with a +0 flail.
You closely miss the gnoll. The gnoll closely misses you.
You hit the gnoll. You hit the gnoll. You block the gnoll's attack.
You hit the gnoll but do no damage. You tail-slap the gnoll.
The gnoll hits you with a +0 flail.
* * * LOW HITPOINT WARNING * * *
You barely miss the gnoll. The gnoll hits you with a +0 flail.
* * * LOW HITPOINT WARNING * * *
You hit the gnoll but do no damage. You block the gnoll's attack.
You barely miss the gnoll. You block the gnoll's attack.
You hit the gnoll.
You kill the gnoll!
You have reached level 4!
You feel stronger.
You start resting.
A gnoll comes into view. It is wielding a +0 club.
The gnoll shouts!
You closely miss the gnoll. The gnoll hits you with a +0 club.
* * * LOW HITPOINT WARNING * * *
You hit the gnoll. The gnoll hits you with a +0 club.
* * * LOW HITPOINT WARNING * * *
You barely miss the gnoll. The gnoll hits you with a +0 club.
* * * LOW HITPOINT WARNING * * *
Your shield prevents you from hitting the gnoll.
Here: a gnoll, wielding a +0 club (lightly wounded)
A +0 flail.
There is something else lying underneath.
The floor, spattered with blood.
Unknown command.
You hit the gnoll but do no damage. The gnoll hits you with a +0 club.
* * * LOW HITPOINT WARNING * * *
Things that are here:
3 stones; a throwing net {!f} The gnoll hits you with a +0 club.
You die...

#.......###.###
#.........(...##. #
#...........>.''..
#####.........(...##...
#......................
#.....................
#..........#####..####
#.........g# ....
#.........@# #.###
#..........# .#
#..........#
#.#########
#..........#
#..........
#..........#
#######).... .........#
#........... .........#
#.#####.....
######...#####.# ######
#......'.....#


You could see a gnoll.

Vanquished Creatures
  3 gnolls (D:2)
  An ooze (D:1)
  2 dart slugs
  A leopard gecko (D:1)
  5 bats
  3 giant cockroaches (D:1)
  2 goblins (D:1)
  4 hobgoblins (D:1)
  4 jackals (D:1)
  A ball python (D:1)
  4 frilled lizards (D:1)
  A kobold (D:2)
  3 rats
34 creatures vanquished.

Notes
Turn   | Place    | Note
-------+----------+-------------------------------------------
     0 | D:1      | MalarOregon the Draconian Fighter began the quest for the
                  | Orb.
     0 | D:1      | Reached XP level 1. HP: 19/19 MP: 1/1
   118 | D:1      | Reached XP level 2. HP: 26/26 MP: 2/2
   674 | D:1      | Reached XP level 3. HP: 28/31 MP: 4/4
  1029 | D:2      | Reached skill level 1 in Spellcasting
  1170 | D:2      | Reached skill level 1 in Throwing
  1185 | D:2      | Reached XP level 4. HP: 14/40 MP: 5/5
  1209 | D:2      | HP: 1/40 [gnoll/+0 club (4)]
  1218 | D:2      | Slain by a gnoll

Illustrated notes

Levels and vault maps discovered:
D:1:      dpeg_arrival_arbitrary_c, layout_loops_ring
D:2:      layout_basic, nicolae_overflow_crystal_walls

Skill      XL: |  1  2  3 |
---------------+----------+-----
Dodging        | 3 |  3.1
Spellcasting   | 1 |  1.1
Throwing       | 1 |  1.0
Fighting       | |  3.7
Shields        | |  3.3
Unarmed Combat | |  2.4

Action                   |  1- 3 |  4- 6 || total
-------------------------+-------+-------++-------
Melee: Unarmed           |   157 |     5 ||   162
       Tailslap          |     9 |       ||     9
Throw: Dart              |    20 |       ||    20
 Stab: Sleeping          |     1 |       ||     1
  Eat: Chunk             |     1 |       ||     1
Armor: Skin              |    41 |       ||    41
Dodge: Dodged            |    53 |       ||    53
Block: Kite shield       |    80 |       ||    80

Table legend:
 A = Non-vault XP
 B = Vault XP
 C = Vault XP percentage of total XP
 D = Non-vault monster count
 E = Vault monster count
 F = Vault count percentage of total count
                 A         B        C        D         E       F
            +---------+---------+-------+---------+---------+-------
      Total |     102 |       0 |   0.0 |      34 |       0 |   0.0
            +---------+---------+-------+---------+---------+-------
        D:1 |      52 |       0 |   0.0 |      27 |       0 |   0.0
        D:2 |      50 |       0 |   0.0 |       7 |       0 |   0.0
            +---------+---------+-------+---------+---------+-------
